 Dungeon Crawl Stone Soup version 0.20.2-3-g29329e0561 (webtiles) character file.

93 Alfie the Shield-Bearer (level 4, -4/40 HPs)
             Began as a Minotaur Fighter on Jan 18, 2021.
             Slain by an orc warrior
             ... wielding a +0 trident
              (12 damage)
             ... on level 3 of the Dungeon.
             The game lasted 00:03:36 (1332 turns).

Alfie the Shield-Bearer (Minotaur Fighter)          Turns: 1332, Time: 00:03:37

Health: -4/40      AC:  8    Str: 27    XL:     4   Next: 36%
Magic:  3/3        EV:  8    Int:  5    God:
Gold:   174        SH: 10    Dex:  9    Spells: 3/3 levels left

rFire    . . .     SeeInvis .   a - +0 long sword
rCold    . . .     Gourm    .   c - +0 shield
rNeg     . . .     Faith    .   b - +0 scale mail
rPois    .         Spirit   .   (helmet restricted)
rElec    .         Reflect  .   (no cloak)
rCorr    .         Harm     .   n - +0 pair of gloves
MR       .....                  (no boots)
Stlth    ..........             (no amulet)
Regen    0.2/turn               (no ring)
MPRegen  0.1/turn               (no ring)

@: mighty
A: retaliatory headbutt, horns 2
a: no special abilities


You were on level 3 of the Dungeon.
You were hungry.

You visited 1 branch of the dungeon, and saw 3 of its levels.

You collected 174 gold pieces.

Inventory:

Hand Weapons
 a - a +0 long sword (weapon)
Armour
 b - a +0 scale mail (worn)
 c - a +0 shield (worn)
 n - a +0 pair of gloves (worn)
Scrolls
 e - 3 scrolls of identify {unknown}
 h - 4 scrolls of teleportation {unknown}
 k - 2 scrolls of recharging {unknown}
 m - 3 scrolls of remove curse {unknown}
 r - a scroll of random uselessness {unknown}
Potions
 d - a potion of might
 l - a potion of agility {unknown}
 o - a potion of lignification {unknown}
 p - a potion of curing
 q - a potion of heal wounds {unknown}
Comestibles
 f - 2 bread rations
 g - 2 royal jellies
 i - 3 fruits
 j - a meat ration


   Skills:
 + Level 4.2 Fighting
 + Level 3.2 Long Blades
 + Level 4.4 Armour
 + Level 0.2 Dodging
 + Level 0.3 Stealth
 + Level 4.6 Shields


You had 3 spell levels left.
You didn't know any spells.

Dungeon Overview and Level Annotations

Branches:
Dungeon (3/15)

Altars:


Innate Abilities, Weirdness & Mutations

You reflexively headbutt those who attack you in melee.
You have a pair of horns on your head.


Message History

The orc warrior is moderately wounded.
You block the orc warrior's attack.
You barely miss the orc warrior.
The orc warrior is moderately wounded.
The orc warrior hits you with a trident!
* * * LOW HITPOINT WARNING * * *
The orc hits you but does no damage.
You barely miss the orc warrior. Your headbutt misses the orc warrior.
The orc warrior is moderately wounded.
You block the orc warrior's attack. You block the orc's attack.
You slash the orc warrior!
The orc warrior is almost dead.
You block the orc warrior's attack. The orc barely misses you.
You riposte.
You slash the orc!
You kill the orc!
You closely miss the orc warrior.
The orc warrior is almost dead.
You block the orc warrior's attack. You block the orc's attack.
The orc warrior hits you with a trident!
You die...

#...###....####.........
#...#........ ..........
#...###########.........
#.......................
#)..###########.........
#...###########.........
#...#........##.........
#...#.........o.........
#...#........@o.....####
#...#...............#
#######.................
#........................
#........................ ###
#..........................# #..
#......................(...# #..
#.!........................###..
#..............####........##...


You could see an orc warrior and an orc.

Vanquished Creatures
  2 adders
  An ooze (D:1)
  2 worms (D:2)
  A dart slug (D:1)
  A leopard gecko (D:3)
  3 orcs (D:3)
  A giant cockroach (D:2)
  5 hobgoblins
  12 jackals
  3 bats
  10 goblins
  3 kobolds
  10 rats
54 creatures vanquished.

Notes
Turn   | Place    | Note
-------+----------+-------------------------------------------
     0 | D:1      | Alfie the Minotaur Fighter began the quest for the Orb.
     0 | D:1      | Reached XP level 1. HP: 19/19 MP: 0/0
    57 | D:1      | Reached XP level 2. HP: 25/27 MP: 1/1
   326 | D:1      | You fall through a shaft!
   463 | D:1      | Reached XP level 3. HP: 29/33 MP: 2/2
  1145 | D:3      | Reached XP level 4. HP: 40/40 MP: 3/3
  1233 | D:3      | Noticed an orc warrior
  1332 | D:3      | Slain by an orc warrior

Skill      XL: |  1  2  3 |
---------------+----------+-----
Shields        | 4 |  4.6
Fighting       | 4 |  4.2
Armour         | 4 |  4.4
Long Blades    | 3 |  3.2
Dodging        | |  0.2
Stealth        | |  0.3

Action                   |  1- 3 |  4- 6 || total
-------------------------+-------+-------++-------
Melee: Long sword        |    83 |    31 ||   114
       Headbutt          |    19 |     6 ||    25
  Use: Potion            |       |     2 ||     2
  Eat: Fruit             |     1 |       ||     1
Armor: Scale mail        |    41 |    26 ||    67
Dodge: Dodged            |    19 |    16 ||    35
Block: Shield            |    54 |    36 ||    90
       Rpst.: Long sword |     7 |     3 ||    10
